 Dungeon Crawl Stone Soup version 0.30.0-5-g1a98f26d00 (webtiles) character file.

Game seed: 13882682284798257841

133 Pimp the Covered (level 5, -3/33 HPs)
             Began as a Tengu Fighter on May 11, 2023.
             Slain by an orc wizard
             ... wielding a +0 dagger
              (4 damage)
             ... on level 3 of the Dungeon.
             The game lasted 00:02:41 (1369 turns).

Pimp the Covered (Tengu Fighter)                    Turns: 1369, Time: 00:02:41

Health: -3/33      AC:  7    Str: 16    XL:     5   Next: 16%
Magic:  6/6        EV: 10    Int:  8    God:
Gold:   145        SH:  0    Dex: 16    Spells: 4/4 levels left

rFire   . . .        a - +0 long sword
rCold   . . .        c - +0 buckler
rNeg    . . .        b - +0 scale mail
rPois   .            (helmet restricted)
rElec   .            (no cloak)
rCorr   .            (no gloves)
SInv    .            (boots unavailable)
Will    .....        (no amulet) Stlth
                     (no ring)
HPRegen 0.25/turn    (no ring)
MPRegen 0.10/turn

%: no passive effects
@: confused, mighty, flying quickly and evasively, hasted, very quick
A: beak, talons 3, nimble flight
a: no special abilities


You were on level 3 of the Dungeon.
You visited 1 branch of the dungeon, and saw 3 of its levels.

You collected 145 gold pieces.

Inventory:

Hand Weapons
 a - a +0 long sword (weapon)
Armour
 b - a +0 scale mail (worn)
 c - a +0 buckler (worn)
Scrolls
 f - a scroll of fear {unknown}
 g - 3 scrolls of identify {unknown}
 i - a scroll of poison {unknown}
 j - a scroll of enchant armour {unknown}
Potions
 h - a potion of brilliance {unknown}
 k - a potion of berserk rage {unknown}
 l - a potion of attraction {unknown}


   Skills:
 + Level 3.8 Fighting
 + Level 3.3 Long Blades
 + Level 4.2 Armour
 + Level 3.8 Shields


You had 4 spell levels left.
You didn't know any spells.
Your spell library was empty.

Dungeon Overview and Level Annotations

Branches:
Dungeon (3/15)

Altars:


Innate Abilities, Weirdness & Mutations

You have a beak for a mouth.
You have claws for feet.
Your magical nature lets you fly swiftly and evasively.


Message History

The goblin hits you but does no damage. Something hits you but does no damage.
The orc barely misses you.
You closely miss the orc wizard. You claw the orc wizard.
The orc wizard is moderately wounded.
The goblin barely misses you.
The orc wizard hits you with a +0 dagger.
The orc closely misses you. Something hits you but does no damage.
You closely miss the orc wizard. Your kick misses the orc wizard.
The orc wizard is moderately wounded.
The goblin closely misses you. The orc hits you but does no damage.
The orc wizard casts a spell.
The orc wizard flickers and vanishes!
Something hits you but does no damage.
You closely miss something.
You hear some strange, mumbled words.
A magic dart appears from out of thin air!
The magic dart hits you. The goblin hits you with a +0 club.
Something hits you but does no damage. The orc closely misses you.
The goblin hits you but does no damage. You block something's attack.
Something hits you but does no damage. The orc hits you with a +0 club.
You closely miss something. You block the goblin's attack. Something hits you.
The orc hits you with a +0 club.
You hear some strange, mumbled words.
You are confused.
You bump into the rock wall.
Something hits you. The goblin hits you with a +0 club.
* * * LOW HITPOINT WARNING * * *
The orc hits you with a +0 club.
* * * LOW HITPOINT WARNING * * *
Something hits you but does no damage.
Unknown command.
You completely miss something. Your kick misses something. You peck something.
The goblin misses you. Something hits you but does no damage.
The orc hits you with a +0 club.
* * * LOW HITPOINT WARNING * * *
Something hits you but does no damage.
It was a potion of haste.
You feel yourself speed up. The goblin hits you with a +0 club.
* * * LOW HITPOINT WARNING * * *
Something hits you.
You die...

...............#........<.....
#........#...................
#........#..............(....
##......####.##.$....).......
##..<.....###..#..............
#......†<..###.#......<.......
#..........# #.#........##..#.
#..........# #.{.###...## ....
#..........# #.o@# #.#..# ...
#..(.>.....# #..{g##.##... ..
##.........#......##.# ##.
#...........###..#
..........## #... . #....
#.... #.....


You could see an orc and a goblin.

Vanquished Creatures
  Jessica (D:3)
  A gnoll (D:1)
  3 adders (D:2)
  A worm (D:2)
  3 dart slugs
  5 endoplasms
  3 giant cockroaches
  5 goblins
  8 hobgoblins
  3 jackals (D:2)
  11 kobolds
  5 quokkas
  A ball python (D:1)
  A bat (D:2)
  5 frilled lizards
  2 rats (D:1)
58 creatures vanquished.

Notes
Turn   | Place    | Note
-------+----------+-------------------------------------------
     0 | D:1      | Pimp the Tengu Fighter began the quest for the Orb.
     0 | D:1      | Reached XP level 1. HP: 14/14 MP: 2/2
   173 | D:1      | Reached XP level 2. HP: 4/19 MP: 3/3
   303 | D:1      | Reached XP level 3. HP: 14/23 MP: 4/4
   657 | D:2      | Reached XP level 4. HP: 21/28 MP: 5/5
   755 | D:2      | Reached skill level 4 in Armour
  1124 | D:2      | Found a faded altar of an unknown god.
  1317 | D:3      | Noticed Jessica
  1325 | D:3      | Killed Jessica
  1326 | D:3      | Gained mutation: Your magical nature lets you fly swiftly
                  | and evasively. [Tengu growth]
  1326 | D:3      | Reached XP level 5. HP: 27/33 MP: 6/6
  1369 | D:3      | HP: 1/33 [goblin/+0 club (2)]
  1369 | D:3      | Slain by an orc wizard

Illustrated notes

Levels and vault maps discovered:
D:1:      eino_arrival_water_cross, layout_basic
D:2:      layout_rooms, ebering_ecumenical_altar_box, minmay_cut_off
D:3:      layout_rooms, mainiacjoe_overflow_small_starburst,
          gup_sewer_entry_spiral, nrook_mini_vaults, uniq_grinder, uniq_jessica

Skill      XL: |  1  2  3  4 |
---------------+-------------+-----
Long Blades    | 3 |  3.3
Armour         | 4 |  4.2
Fighting       | |  3.8
Shields        | |  3.8

Action                     |  1- 3 |  4- 6 || total
---------------------------+-------+-------++-------
  Melee: Long sword        |    58 |    82 ||   140
         Kick              |    15 |    21 ||    36
         Peck              |     2 |    13 ||    15
    Use: Potion            |       |     2 ||     2
 Armour: Scale mail        |    32 |    42 ||    74
  Dodge: Dodged            |    36 |    43 ||    79
  Block: Buckler           |    22 |    16 ||    38
